Map: Prion Terraces

Players

INnoVation

  • Race: Terran Terran
  • League: Master

State - Winner!

  • Race: Protoss Protoss
  • League: Grandmaster

VOD

https://www.youtube.com/watch?v=bqIREuYCR_w

Description

Time

  • Played on: Nov. 24, 2015, 9:36 p.m.
  • Length: 6:42
Show
View Real Time Build Order
Export as new Build Order

INnoVation Terran 

Build Orders:  

Get SALT Encoding   

  12  0:00  SCV  
  13  0:12  SCV  
  14  0:17  Supply Depot  
  14  0:24  SCV  
  15  0:38  SCV  
  15  0:39  Barracks  
  16  0:44  Refinery  
  16  0:50  SCV  
  17  1:02  SCV  
  18  1:14  SCV  
  19  1:27  Orbital Command  
  19  1:30  Barracks Reactor  
  19  1:41  Command Center  
  19  1:50  Supply Depot  
  19  1:53  SCV  
  20  2:05  SCV  
  20  2:06  Marine x2  
  23  2:13  Factory  
  23  2:18  SCV  
  24  2:23  Marine  
  24  2:24  Marine  
  26  2:30  SCV  
  27  2:42  SCV, Marine  
  27  2:43  Marine  
  30  2:54  SCV, Orbital Command  
  30  2:57  Factory Tech Lab, Barracks  
  31  3:00  Marine x2  
  33  3:06  Supply Depot  
  33  3:07  SCV  
  34  3:16  Cyclone  
  34  3:19  SCV, Marine x2  
  39  3:23  SCV  
  41  3:27  Supply Depot  
  39  3:36  SCV x2  
  39  3:37  Marine x2  
  42  3:43  Refinery  
  42  3:44  Barracks  
  42  3:48  SCV  
  43  3:49  SCV  
  43  3:53  Refinery  
  44  3:56  Stimpack  
  44  3:57  Marine x3  
  44  4:01  SCV x2  
  49  4:04  Engineering Bay  
  49  4:13  SCV x2  
  49  4:15  Marine x3  
  54  4:20  Supply Depot  
  54  4:30  Missile Turret  
  54  4:31  SCV x2  
  56  4:33  Barracks Tech Lab  
  56  4:38  Factory Reactor  
  56  4:41  Starport  
  56  4:43  SCV  
  56  4:44  SCV  
  58  4:46  Marauder  
  58  4:48  Marine  
  58  4:51  Marine  
  62  4:56  Missile Turret  
  54  5:10  Marauder, Marine x2  
  54  5:11  Marauder  
  54  5:14  SCV  
  54  5:18  SCV  
  55  5:26  Medivac  
  55  5:27  Medivac  
  59  5:32  SCV x2  
  60  5:43  Marauder  
  60  5:44  SCV x2  
  62  5:52  Marine x2  
  62  5:56  SCV x2  
  66  6:02  Refinery  
  66  6:08  SCV x2  
  66  6:09  Supply Depot  
  68  6:11  Supply Depot  
  68  6:20  SCV x2  
Show
View Real Time Build Order
Export as new Build Order

State Protoss - Winner!

Build Orders: 1 Gate Expand 

Get SALT Encoding   

  12  0:01  Probe (Chrono Boost)  
  13  0:11  Probe (Chrono Boost)  
  14  0:18  Pylon  
  14  0:22  Probe (Chrono Boost)  
  15  0:36  Probe (Chrono Boost)  
  15  0:37  Gateway  
  15  0:42  Assimilator  
  16  0:48  Probe (Chrono Boost)  
  17  0:58  Probe (Chrono Boost)  
  18  1:09  Probe (Chrono Boost)  
  19  1:18  Nexus  
  19  1:23  Probe (Chrono Boost)  
  20  1:34  Cybernetics Core  
  20  1:35  Probe (Chrono Boost)  
  21  1:43  Assimilator  
  21  1:46  Probe (Chrono Boost)  
  22  1:50  Pylon  
  22  1:57  Probe (Chrono Boost)  
  23  2:13  Mothership Core (Chrono Boost), Adept  
  23  2:14  Warp Gate (Chrono Boost)  
  27  2:30  Probe (Chrono Boost)  
  27  2:32  Probe (Chrono Boost)  
  29  2:40  Adept  
  29  2:41  Probe (Chrono Boost)  
  29  2:42  Probe (Chrono Boost)  
  33  2:47  Robotics Facility  
  34  2:51  Probe (Chrono Boost)  
  34  2:53  Probe (Chrono Boost)  
  34  2:58  Gateway  
  35  3:03  Gateway  
  36  3:05  Probe (Chrono Boost)  
  36  3:08  Probe (Chrono Boost)  
  37  3:16  Probe (Chrono Boost)  
  37  3:18  Adept  
  41  3:26  Probe (Chrono Boost)  
  41  3:28  Twilight Council  
  41  3:29  Probe (Chrono Boost)  
  40  3:38  Probe (Chrono Boost)  
  40  3:40  Probe (Chrono Boost)  
  40  3:42  Pylon  
  40  3:45  Warp Prism (Chrono Boost)  
  42  3:50  Probe  
  42  3:51  Probe  
  42  3:54  Assimilator  
  44  3:57  Assimilator  
  44  4:02  Pylon  
  44  4:05  Resonating Glaives (Chrono Boost)  
  44  4:06  Pylon  
  44  4:08  Probe  
  46  4:18  Adept x2  
  46  4:19  Adept  
  46  4:23  Observer (Chrono Boost)  
  52  4:25  Probe x2  
  54  4:31  Dark Shrine  
  54  4:37  Probe x2  
  56  4:40  Observer  
  56  4:43  Pylon  
  57  4:50  Probe x2  
  59  5:00  Adept x3  
  59  5:02  Probe x2  
  63  5:14  Probe  
  63  5:17  Immortal, Probe  
  61  5:21  Forge  
  61  5:22  Gateway  
  61  5:26  Probe  
  66  5:43  Probe x2  
  66  5:45  Pylon  
  68  5:55  Nexus  
  68  5:57  Pylon  
  68  5:59  Pylon  
  68  6:01  Immortal  
  68  6:02  Adept  
  68  6:03  Dark Templar x2  
  78  6:17  Pylon  
  78  6:18  Pylon  
  78  6:19  Pylon  
  78  6:24  Dark Templar, Adept  
Tags
 
Add a new tag
Caveats
  • Supply blocks, unpowered buildings, or Contaminate may cause inaccurate times.
  • Supply counts are checked every 10 seconds.